ANAHEIM vs WINNIPEG

Created - June 5, 2021 at 09:27

Goals
1 2 3 T
ANAHEIM 0 1 1 2
WINNIPEG 1 0 2 3
Shots
1 2 3 T
ANAHEIM 11 3 4 18
WINNIPEG 13 5 12 30

1st period

1. WINNIPEG , Patrick Kane 43 (Marcus Pettersson 31, Chris Tanev 39) at 7:35 (PP)

Penalties :
Jesper Fast (ANA) for Goalie Interference (Minor) at 5:40, Marcus Pettersson (WPG) for Roughing (Double Minor) at 15:13

2nd period

2. ANAHEIM , Evgeny Kuznetsov 32 (Anton Stralman 45, Connor McDavid 47) at 18:48

Penalties :
No Penalty

3rd period

3. WINNIPEG , Alex Ovechkin 31 (Alexander Edler 49) at 2:53
4. ANAHEIM , Nate Schmidt 17 (Olli Maatta 27, Tyler Motte 11) at 10:34
5. WINNIPEG , Tyler Toffoli 23 (Patrick Kane 54, Justin Braun 25) at 17:51 (PP)

Penalties :
Tanner Pearson (ANA) for High sticking (Double Minor) at 10:35, Trevor van Riemsdyk (ANA) for Cross-checking (Minor) at 17:23, Nate Schmidt (ANA) for Slashing (Minor) at 18:08

Goalie Stats

Cam Talbot (ANA), 27 saves from 30 shots - (0.900), L, 32-25-6, 60:00 minutes
Connor Hellebuyck (WPG), 16 saves from 18 shots - (0.889), W, 32-16-6, 60:00 minutes

Players Stats for ANAHEIM

Player Name              G  A  P  +/- PIM S  H  SB GA TA FO     MP     PP MP  PK MP  
------------------------------------------------------------------------------------
Alex Chiasson            0  0  0   0  0   2  1  0  0  0  1/1    16:08   2:01   0:00 
Anton Stralman           0  1  1   1  0   2  1  2  0  0  0/0    19:14   1:58   4:21 
Brendan Guhle            0  0  0   0  0   0  0  0  0  0  0/0     0:00   0:00   0:00 
Caleb Jones              0  0  0   0  0   0  0  0  0  0  0/0     6:25   0:00   0:00 
Casey Nelson             0  0  0   0  0   0  0  0  0  0  0/0     1:08   0:00   1:08 
Connor McDavid           0  1  1   0  0   0  2  0  0  0  12/25  25:48   1:58   4:26 
Derrick Pouliot          0  0  0   0  0   0  0  0  0  0  0/0     6:25   0:00   0:00 
Evgeny Kuznetsov         1  0  1   0  0   1  1  0  0  0  9/18   23:19   2:01   3:42 
Jake McCabe              0  0  0  -1  0   1  2  2  0  0  0/0    12:06   0:00   0:00 
Jansen Harkins           0  0  0   0  0   0  0  0  0  0  2/4     8:14   0:00   2:41 
Jesper Fast              0  0  0   0  2   3  1  1  0  0  1/2    17:26   1:58   0:00 
Joel Edmundson           0  0  0   1  0   0  1  3  0  0  0/0    19:14   1:58   4:21 
Lucas Wallmark           0  0  0   1  0   0  2  0  0  0  2/2    16:27   0:00   1:53 
Michael Frolik           0  0  0   0  0   1  1  1  0  0  1/1    16:19   2:01   0:11 
Nate Schmidt             1  0  1   1  2   2  1  1  0  0  0/0    21:17   2:01   2:55 
Olli Maatta              0  1  1   1  0   2  2  0  0  0  0/0    22:04   2:01   3:41 
Pierre-Luc Dubois        0  0  0   1  0   3  1  0  0  0  12/24  16:07   0:00   2:26 
Tanner Pearson           0  0  0   0  4   1  3  0  0  0  0/1    18:33   1:58   1:07 
Trevor van Riemsdyk      0  0  0  -1  2   0  1  1  0  0  0/0    12:05   0:00   0:00 
Tyler Motte              0  1  1   1  0   0  0  0  0  0  0/1    13:24   0:00   0:00 

Players Stats for WINNIPEG

Player Name              G  A  P  +/- PIM S  H  SB GA TA FO     MP     PP MP  PK MP  
------------------------------------------------------------------------------------
Alex Biega               0  0  0  -1  0   0  2  1  0  0  0/0     6:55   0:17   0:00 
Alex Ovechkin            1  0  1   1  0   6  1  0  0  0  0/2    21:26   4:18   0:00 
Alexander Edler          0  1  1   0  0   3  3  1  0  0  0/0    21:33   4:07   1:58 
Antoine Roussel          0  0  0   1  0   0  1  0  0  0  0/1    18:34   0:00   0:37 
Chris Tanev              0  1  1   0  0   3  0  2  0  0  0/0    19:07   3:49   2:01 
Dan Hamhuis              0  0  0   0  0   0  2  0  0  0  0/0    13:02   0:00   0:37 
Gustav Forsling          0  0  0  -1  0   0  0  1  0  0  0/0     6:38   0:00   0:00 
J.T. Miller              0  0  0   1  0   2  1  0  0  0  10/16  18:53   4:18   0:58 
Jay Beagle               0  0  0  -2  0   1  1  0  0  0  13/23  20:35   3:21   1:47 
Jonah Gadjovich          0  0  0   0  0   0  0  0  0  0  0/0     0:34   0:34   0:00 
Justin Braun             0  1  1   0  0   1  0  0  0  0  0/0    21:16   3:50   1:58 
Loui Eriksson            0  0  0   0  0   0  0  0  0  0  1/1    16:07   0:34   0:59 
Marcus Pettersson        0  1  1   0  4   1  0  0  0  0  0/0    17:05   3:49   0:00 
Nic Dowd                 0  0  0   0  0   0  0  0  0  0  0/0     2:41   0:00   2:02 
Oscar Fantenberg         0  0  0   0  0   1  2  2  0  0  0/0    13:49   0:00   1:24 
Patric Hornqvist         0  0  0   0  0   0  3  0  0  0  1/2    15:15   0:51   0:00 
Patrick Kane             1  1  2  -2  0   4  1  0  0  0  1/2    19:05   3:38   0:00 
Sidney Crosby            0  0  0   0  0   3  1  0  0  0  11/25  20:17   4:18   1:35 
Tyler Toffoli            1  0  1  -2  0   4  1  0  0  0  0/3    18:48   3:21   0:00 
Zack MacEwen             0  0  0   0  0   1  0  0  0  0  2/4     4:20   0:00   0:00 

3 Stars

1 - Alex Ovechkin (WPG)
2 - Patrick Kane (WPG)
3 - Alexander Edler (WPG)

Power Play

ANAHEIM - 0 on 2 Attempt(s) - 0.00%
WINNIPEG - 2 on 5 Attempt(s) - 40.00%

Penalty Kill

ANAHEIM - 3 on 5 Attempt(s) - 60.00% - Score 0 goal in Penalty Kill
WINNIPEG - 2 on 2 Attempt(s) - 100.00% - Score 0 goal in Penalty Kill

Team Stat

ANAHEIM - Hits : 20 - Faceoff Wins : 40 - Blocked Shots : 11 - Penalty Minutes : 10
WINNIPEG - Hits : 19 - Faceoff Wins : 39 - Blocked Shots : 7 - Penalty Minutes : 4

Official

Referees : Chris Lee and Justin Kea
Linesman : Shaun Morgan and Filip Stahl

Game Notes

No Game Note

Finance

Level 1 -- Attendance: 5835 (97.25%) -- Ticket Income $501,810
Level 2 -- Attendance: 4714 (94.28%) -- Ticket Income $240,414
Level 3 -- Attendance: 2000 (100.00%) -- Ticket Income $2,000
Level 4 -- Attendance: 3895 (97.38%) -- Ticket Income $62,320
Luxury Box -- Attendance: 875 (87.50%) -- Ticket Income $152,250
Game was played at the MTS Centre.
Total Attendance: 17319 (96.22%)
Total Ticket Income: $958,794
Total Income: $958,794

ANAHEIM

5 vs 5 Forward 
   Center                   Left Wing                Right Wing               Time % Phy DF OF 
 1 Connor McDavid           Tanner Pearson           Jesper Fast              35     1   2  2  
 2 Evgeny Kuznetsov         Alex Chiasson            Michael Frolik           30     1   2  2  
 3 Pierre-Luc Dubois        Lucas Wallmark           Tyler Motte              25     1   2  2  
 4 Jansen Harkins           Connor McDavid           Evgeny Kuznetsov         10     1   2  2  

5 vs 5 Defense 
   Defense                  Defense                                           Time % Phy DF OF 
 1 Nate Schmidt             Olli Maatta                                       35     1   2  2  
 2 Joel Edmundson           Anton Stralman                                    30     1   2  2  
 3 Jake McCabe              Trevor van Riemsdyk                               25     1   2  2  
 4 Caleb Jones              Derrick Pouliot                                   10     1   2  2  

PowerPlay Forward 
   Center                   Left Wing                Right Wing               Time % Phy DF OF 
 1 Connor McDavid           Tanner Pearson           Jesper Fast              60     1   2  2  
 2 Evgeny Kuznetsov         Alex Chiasson            Michael Frolik           40     1   2  2  

PowerPlay Defense
   Defense                  Defense                                           Time % Phy DF OF 
 1 Nate Schmidt             Olli Maatta                                       60     1   2  2  
 2 Joel Edmundson           Anton Stralman                                    40     1   2  2  

Penalty Kill 4 Players Forward 
   Center                   Wing                     Time % Phy DF OF 
 1 Connor McDavid           Evgeny Kuznetsov         60     1   2  2  
 2 Pierre-Luc Dubois        Tanner Pearson           40     1   2  2  

Penalty Kill 4 Players Defense
   Defense                  Defense                  Time % Phy DF OF 
 1 Nate Schmidt             Olli Maatta              60     1   2  2  
 2 Joel Edmundson           Anton Stralman           40     1   2  2  

Penalty Kill - 3 Players Forward 
   Forward                                           Time % Phy DF OF 
 1 Connor McDavid                                    60     1   2  2  
 2 Evgeny Kuznetsov                                  40     1   2  2  

Penalty Kill - 3 Players Defense
   Defense                  Defense                  Time % Phy DF OF 
 1 Nate Schmidt             Olli Maatta              60     1   2  2  
 2 Joel Edmundson           Anton Stralman           40     1   2  2  

4 vs 4 Forward 
   Center                   Wing                     Time % Phy DF OF 
 1 Connor McDavid           Evgeny Kuznetsov         60     1   2  2  
 2 Pierre-Luc Dubois        Tanner Pearson           40     1   2  2  

4 vs 4 Defense
   Defense                  Defense                  Time % Phy DF OF 
 1 Nate Schmidt             Olli Maatta              60     1   2  2  
 2 Joel Edmundson           Anton Stralman           40     1   2  2  

Last Minutes Offensive
   Center                   Left Wing                Right Wing               Defense                  Defense                  
   Connor McDavid           Tanner Pearson           Jesper Fast              Nate Schmidt             Olli Maatta              

Last Minutes Defensive
   Center                   Left Wing                Right Wing               Defense                  Defense                  
   Connor McDavid           Tanner Pearson           Jesper Fast              Nate Schmidt             Olli Maatta              

Goaltenders
Starting : Cam Talbot               
Backup : Juuse Saros              

Extra Forwards
Normal : Lucas Wallmark, Tyler Motte, Jansen Harkins - PP : Lucas Wallmark, Tyler Motte - PK : Jansen Harkins
Extra Defensemen
Normal : Brendan Guhle, Casey Nelson, Jake McCabe - PP : Brendan Guhle - PK : Casey Nelson, Jake McCabe
Penalty Shots
Connor McDavid, Evgeny Kuznetsov, Pierre-Luc Dubois, Tanner Pearson, Jesper Fast

Scratches
ANA Cap Hit (Suspend), Edward Pasquale (Healthy)

WINNIPEG

5 vs 5 Forward 
   Center                   Left Wing                Right Wing               Time % Phy DF OF 
 1 J.T. Miller              Alex Ovechkin            Antoine Roussel          33     1   2  2  
 2 Jay Beagle               Patrick Kane             Tyler Toffoli            32     1   2  2  
 3 Sidney Crosby            Loui Eriksson            Patric Hornqvist         30     1   2  2  
 4 Zack MacEwen             Antoine Roussel          Alex Ovechkin            5      1   2  2  

5 vs 5 Defense 
   Defense                  Defense                                           Time % Phy DF OF 
 1 Alexander Edler          Justin Braun                                      35     1   2  2  
 2 Chris Tanev              Marcus Pettersson                                 30     1   2  2  
 3 Oscar Fantenberg         Dan Hamhuis                                       25     1   2  2  
 4 Alex Biega               Gustav Forsling                                   10     1   2  2  

PowerPlay Forward 
   Center                   Left Wing                Right Wing               Time % Phy DF OF 
 1 Sidney Crosby            Alex Ovechkin            J.T. Miller              60     1   2  2  
 2 Jay Beagle               Patrick Kane             Tyler Toffoli            40     1   2  2  

PowerPlay Defense
   Defense                  Defense                                           Time % Phy DF OF 
 1 Alexander Edler          Justin Braun                                      60     1   2  2  
 2 Chris Tanev              Marcus Pettersson                                 40     1   2  2  

Penalty Kill 4 Players Forward 
   Center                   Wing                     Time % Phy DF OF 
 1 Jay Beagle               Nic Dowd                 60     1   2  2  
 2 Sidney Crosby            J.T. Miller              40     1   2  2  

Penalty Kill 4 Players Defense
   Defense                  Defense                  Time % Phy DF OF 
 1 Alexander Edler          Justin Braun             60     1   2  2  
 2 Chris Tanev              Marcus Pettersson        40     1   2  2  

Penalty Kill - 3 Players Forward 
   Forward                                           Time % Phy DF OF 
 1 Jay Beagle                                        60     1   2  2  
 2 Sidney Crosby                                     40     1   2  2  

Penalty Kill - 3 Players Defense
   Defense                  Defense                  Time % Phy DF OF 
 1 Alexander Edler          Justin Braun             60     1   2  2  
 2 Chris Tanev              Marcus Pettersson        40     1   2  2  

4 vs 4 Forward 
   Center                   Wing                     Time % Phy DF OF 
 1 Alex Ovechkin            Patrick Kane             60     1   2  2  
 2 Sidney Crosby            J.T. Miller              40     1   2  2  

4 vs 4 Defense
   Defense                  Defense                  Time % Phy DF OF 
 1 Alexander Edler          Justin Braun             60     1   2  2  
 2 Chris Tanev              Marcus Pettersson        40     1   2  2  

Last Minutes Offensive
   Center                   Left Wing                Right Wing               Defense                  Defense                  
   Sidney Crosby            Alex Ovechkin            J.T. Miller              Tyler Toffoli            Patrick Kane             

Last Minutes Defensive
   Center                   Left Wing                Right Wing               Defense                  Defense                  
   Sidney Crosby            Alex Ovechkin            J.T. Miller              Alexander Edler          Justin Braun             

Goaltenders
Starting : Connor Hellebuyck        
Backup : Louis Domingue           

Extra Forwards
Normal : Patric Hornqvist, Loui Eriksson, Antoine Roussel - PP : Patric Hornqvist, Loui Eriksson - PK : Antoine Roussel
Extra Defensemen
Normal : Jonah Gadjovich, Oscar Fantenberg, Dan Hamhuis - PP : Jonah Gadjovich - PK : Oscar Fantenberg, Dan Hamhuis
Penalty Shots
Alex Ovechkin, Patrick Kane, Sidney Crosby, J.T. Miller, Tyler Toffoli

Scratches
None


% Time on Ice - ANAHEIM

Lines # - Real PCT - Wanted PCT - Time Play
Normal Forward
1 - 32% - 35% - 15:29
2 - 30% - 30% - 14:07
3 - 27% - 25% - 12:46
4 - 11% - 10% - 5:26
Normal Defense
1 - 34% - 35% - 16:22
2 - 27% - 30% - 12:55
3 - 25% - 25% - 12:06
4 - 13% - 10% - 6:25
PP Forward
1 - 49% - 60% - 1:58
2 - 51% - 40% - 2:01
PP Defense
1 - 51% - 60% - 2:01
2 - 49% - 40% - 1:58
PK Forward
1 - 70% - 60% - 5:47
2 - 30% - 40% - 2:26
PK Defense
1 - 47% - 60% - 3:52
2 - 53% - 40% - 4:21
PK3 Forward
1 - 0% - 60%
2 - 0% - 40%
PK3 Defense
1 - 0% - 60%
2 - 0% - 40%
44 Forward
1 - 0% - 60%
2 - 0% - 40%
44 Defense
1 - 0% - 60%
2 - 0% - 40%
Last Minute Offensive  - 0:00
Last Minute Defensive  - 0:00
Total
Forward - 60:00
Defense - 60:00

% Time on Ice - WINNIPEG

Lines # - Real PCT - Wanted PCT - Time Play
Normal Forward
1 - 28% - 33% - 13:37
2 - 32% - 32% - 15:27
3 - 30% - 30% - 14:24
4 - 9% - 5% - 4:20
Normal Defense
1 - 32% - 35% - 15:28
2 - 28% - 30% - 13:17
3 - 26% - 25% - 12:25
4 - 14% - 10% - 6:38
PP Forward
1 - 52% - 60% - 4:18
2 - 48% - 40% - 3:55
PP Defense
1 - 54% - 60% - 4:24
2 - 46% - 40% - 3:49
PK Forward
1 - 76% - 60% - 3:01
2 - 24% - 40% - 0:58
PK Defense
1 - 49% - 60% - 1:58
2 - 51% - 40% - 2:01
PK3 Forward
1 - 0% - 60%
2 - 0% - 40%
PK3 Defense
1 - 0% - 60%
2 - 0% - 40%
44 Forward
1 - 0% - 60%
2 - 0% - 40%
44 Defense
1 - 0% - 60%
2 - 0% - 40%
Last Minute Offensive  - 0:00
Last Minute Defensive  - 0:00
Total
Forward - 60:00
Defense - 60:00

Play-by-Play

1st period


0:01 of 1st period - Connor McDavid wins face-off versus J.T. Miller in neutral zone.
0:41 of 1st period - Shot by Alex Ovechkin.
0:41 of 1st period - Shot Blocked by Nate Schmidt.
0:57 of 1st period - Shot by Jay Beagle.
0:57 of 1st period - Stopped by Cam Talbot without a rebound.
0:58 of 1st period - Evgeny Kuznetsov wins face-off versus Sidney Crosby in ANAHEIM zone.
1:10 of 1st period - Shot by Loui Eriksson.
1:10 of 1st period - Shot Blocked by Joel Edmundson.
1:25 of 1st period - Loui Eriksson is hit by Anton Stralman and loses puck.
1:29 of 1st period - Sidney Crosby is hit by Joel Edmundson and loses puck.
1:32 of 1st period - Shot by Loui Eriksson.
1:32 of 1st period - Shot Misses the Net.
1:51 of 1st period - Tyler Motte is hit by Dan Hamhuis and loses puck.
1:55 of 1st period - Icing by Dan Hamhuis.
1:56 of 1st period - Patric Hornqvist wins face-off versus Pierre-Luc Dubois in WINNIPEG zone.
2:12 of 1st period - Icing by Caleb Jones.
2:13 of 1st period - Pierre-Luc Dubois wins face-off versus Jay Beagle in ANAHEIM zone.
2:13 of 1st period - Pierre-Luc Dubois is hit by Tyler Toffoli.
3:36 of 1st period - Connor McDavid is hit by Alexander Edler and loses puck.
3:44 of 1st period - Icing by J.T. Miller.
3:45 of 1st period - Jesper Fast wins face-off versus J.T. Miller in WINNIPEG zone.
3:45 of 1st period - Connor McDavid is hit by Alexander Edler and loses puck.
3:56 of 1st period - Shot by Jesper Fast.
3:56 of 1st period - Stopped by Connor Hellebuyck without a rebound.
3:57 of 1st period - Evgeny Kuznetsov wins face-off versus Sidney Crosby in WINNIPEG zone.
4:15 of 1st period - Gustav Forsling is hit by Michael Frolik and loses puck.
4:48 of 1st period - Shot by Olli Maatta.
4:48 of 1st period - Stopped by Connor Hellebuyck without a rebound.
4:49 of 1st period - Jay Beagle wins face-off versus Connor McDavid in WINNIPEG zone.
4:49 of 1st period - Jay Beagle is hit by Tanner Pearson.
5:01 of 1st period - Shot by Jesper Fast.
5:01 of 1st period - Shot Blocked by Chris Tanev.
5:30 of 1st period - Patrick Kane is hit by Trevor van Riemsdyk and loses puck.
5:40 of 1st period - Minor Penalty to Jesper Fast for Goalie Interference.
5:41 of 1st period - Jansen Harkins wins face-off versus Sidney Crosby in ANAHEIM zone.
5:41 of 1st period - Jansen Harkins is hit by J.T. Miller.
5:54 of 1st period - Shot by Sidney Crosby.
5:54 of 1st period - Stopped by Cam Talbot without a rebound.
5:55 of 1st period - Connor McDavid wins face-off versus Sidney Crosby in ANAHEIM zone.
6:57 of 1st period - Off-side.
6:58 of 1st period - Jay Beagle wins face-off versus Connor McDavid in neutral zone.
7:07 of 1st period - Shot by Tyler Toffoli.
7:07 of 1st period - Stopped by Cam Talbot with a rebound.
7:09 of 1st period - Shot by Chris Tanev.
7:09 of 1st period - Shot Misses the Net.
7:11 of 1st period - Shot by Chris Tanev.
7:11 of 1st period - Stopped by Cam Talbot without a rebound.
7:12 of 1st period - Pierre-Luc Dubois wins face-off versus Tyler Toffoli in ANAHEIM zone.
7:29 of 1st period - Shot by Tyler Toffoli.
7:29 of 1st period - Stopped by Cam Talbot with a rebound.
7:31 of 1st period - Shot by Chris Tanev.
7:31 of 1st period - Shot Misses the Net.
7:33 of 1st period - Shot by Marcus Pettersson.
7:33 of 1st period - Shot Misses the Net.
7:35 of 1st period - Shot by Patrick Kane.
7:35 of 1st period - Goal by Patrick Kane - ANAHEIM : 0 - WINNIPEG : 1.
7:36 of 1st period - Zack MacEwen wins face-off versus Pierre-Luc Dubois in neutral zone.
7:54 of 1st period - Shot by Anton Stralman.
7:54 of 1st period - Shot Misses the Net.
8:02 of 1st period - Shot by Alex Ovechkin.
8:02 of 1st period - Shot Misses the Net.
8:21 of 1st period - Icing by Anton Stralman.
8:22 of 1st period - Pierre-Luc Dubois wins face-off versus Sidney Crosby in ANAHEIM zone.
8:32 of 1st period - Icing by Joel Edmundson.
8:33 of 1st period - Jay Beagle wins face-off versus Pierre-Luc Dubois in ANAHEIM zone.
8:53 of 1st period - Shot by Marcus Pettersson.
8:53 of 1st period - Shot Misses the Net.
8:55 of 1st period - Shot by Chris Tanev.
8:55 of 1st period - Stopped by Cam Talbot without a rebound.
8:56 of 1st period - Evgeny Kuznetsov wins face-off versus Sidney Crosby in ANAHEIM zone.
8:56 of 1st period - Evgeny Kuznetsov is hit by Patric Hornqvist.
9:04 of 1st period - Shot by Michael Frolik.
9:04 of 1st period - Shot Misses the Net.
9:06 of 1st period - Shot by Olli Maatta.
9:06 of 1st period - Shot Misses the Net.
9:08 of 1st period - Shot by Michael Frolik.
9:08 of 1st period - Shot Misses the Net.
9:17 of 1st period - Alex Chiasson is hit by Alexander Edler.
9:52 of 1st period - Chris Tanev is hit by Connor McDavid and loses puck.
10:03 of 1st period - Shot by J.T. Miller.
10:03 of 1st period - Shot Blocked by Jake McCabe.
10:05 of 1st period - Shot by Antoine Roussel.
10:05 of 1st period - Shot Blocked by Trevor van Riemsdyk.
10:26 of 1st period - Alex Ovechkin is hit by Jake McCabe and loses puck.
10:43 of 1st period - Shot by Patrick Kane.
10:43 of 1st period - Stopped by Cam Talbot without a rebound.
10:44 of 1st period - Jay Beagle wins face-off versus Pierre-Luc Dubois in ANAHEIM zone.
11:01 of 1st period - Shot by Pierre-Luc Dubois.
11:01 of 1st period - Stopped by Connor Hellebuyck without a rebound.
11:02 of 1st period - Evgeny Kuznetsov wins face-off versus Sidney Crosby in WINNIPEG zone.
11:57 of 1st period - Shot by Pierre-Luc Dubois.
11:57 of 1st period - Stopped by Connor Hellebuyck without a rebound.
11:58 of 1st period - J.T. Miller wins face-off versus Pierre-Luc Dubois in WINNIPEG zone.
12:13 of 1st period - Shot by Alex Ovechkin.
12:13 of 1st period - Stopped by Cam Talbot without a rebound.
12:14 of 1st period - Connor McDavid wins face-off versus Jay Beagle in ANAHEIM zone.
12:20 of 1st period - Off-side.
12:21 of 1st period - Connor McDavid wins face-off versus Alex Ovechkin in neutral zone.
12:40 of 1st period - Shot by Alex Ovechkin.
12:40 of 1st period - Stopped by Cam Talbot without a rebound.
12:41 of 1st period - Jay Beagle wins face-off versus Evgeny Kuznetsov in ANAHEIM zone.
12:44 of 1st period - Shot by Tyler Toffoli.
12:44 of 1st period - Shot Misses the Net.
12:50 of 1st period - Shot by Patrick Kane.
12:50 of 1st period - Deflect By Tyler Toffoli.
12:50 of 1st period - Stopped by Cam Talbot without a rebound.
12:51 of 1st period - J.T. Miller wins face-off versus Connor McDavid in ANAHEIM zone.
13:31 of 1st period - Shot by Nate Schmidt.
13:31 of 1st period - Stopped by Connor Hellebuyck without a rebound.
13:32 of 1st period - Evgeny Kuznetsov wins face-off versus Tyler Toffoli in WINNIPEG zone.
13:51 of 1st period - Shot by Patrick Kane.
13:51 of 1st period - Shot Misses the Net.
13:53 of 1st period - Shot by Chris Tanev.
13:53 of 1st period - Stopped by Cam Talbot without a rebound.
13:54 of 1st period - Loui Eriksson wins face-off versus Pierre-Luc Dubois in ANAHEIM zone.
14:05 of 1st period - Shot by Jake McCabe.
14:05 of 1st period - Stopped by Connor Hellebuyck without a rebound.
14:06 of 1st period - Jansen Harkins wins face-off versus Jay Beagle in WINNIPEG zone.
14:39 of 1st period - Alexander Edler is hit by Olli Maatta and loses puck.
14:42 of 1st period - Shot by Alexander Edler.
14:42 of 1st period - Stopped by Cam Talbot without a rebound.
14:43 of 1st period - J.T. Miller wins face-off versus Tyler Motte in ANAHEIM zone.
15:13 of 1st period - Double Minor Penalty to Marcus Pettersson for Roughing.
15:14 of 1st period - Jay Beagle wins face-off versus Connor McDavid in WINNIPEG zone.
15:25 of 1st period - Shot by Tanner Pearson.
15:25 of 1st period - Shot Misses the Net.
15:37 of 1st period - Shot by Connor McDavid.
15:37 of 1st period - Deflect By Tanner Pearson.
15:37 of 1st period - Shot Misses the Net.
15:39 of 1st period - Shot by Anton Stralman.
15:39 of 1st period - Stopped by Connor Hellebuyck without a rebound.
15:40 of 1st period - Jay Beagle wins face-off versus Evgeny Kuznetsov in WINNIPEG zone.
16:09 of 1st period - Shot by Evgeny Kuznetsov.
16:09 of 1st period - Shot Misses the Net.
16:37 of 1st period - Alexander Edler is hit by Tanner Pearson.
17:11 of 1st period - Alexander Edler is hit by Connor McDavid and loses puck.
17:40 of 1st period - Shot by Olli Maatta.
17:40 of 1st period - Stopped by Connor Hellebuyck without a rebound.
17:41 of 1st period - Connor McDavid wins face-off versus Jay Beagle in WINNIPEG zone.
18:00 of 1st period - Shot by Anton Stralman.
18:00 of 1st period - Shot Blocked by Oscar Fantenberg.
18:02 of 1st period - Shot by Connor McDavid.
18:02 of 1st period - Shot Blocked by Chris Tanev.
18:04 of 1st period - Shot by Anton Stralman.
18:04 of 1st period - Stopped by Connor Hellebuyck without a rebound.
18:05 of 1st period - Sidney Crosby wins face-off versus Evgeny Kuznetsov in WINNIPEG zone.
18:13 of 1st period - Icing by Olli Maatta.
18:14 of 1st period - Alex Chiasson wins face-off versus Sidney Crosby in ANAHEIM zone.
18:33 of 1st period - Shot by Alex Chiasson.
18:33 of 1st period - Stopped by Connor Hellebuyck with a rebound.
19:03 of 1st period - Jesper Fast is hit by Antoine Roussel.
19:20 of 1st period - Shot by Pierre-Luc Dubois.
19:20 of 1st period - Stopped by Connor Hellebuyck without a rebound.
19:21 of 1st period - Pierre-Luc Dubois wins face-off versus Patric Hornqvist in WINNIPEG zone.
Goals for this period are 0 for ANAHEIM vs 1 for WINNIPEG.
Shots for this period are 11 for ANAHEIM vs 13 for WINNIPEG.

2nd period


0:01 of 2nd period - J.T. Miller wins face-off versus Connor McDavid in neutral zone.
0:08 of 2nd period - Off-side.
0:09 of 2nd period - Jay Beagle wins face-off versus Evgeny Kuznetsov in neutral zone.
0:11 of 2nd period - Patrick Kane is hit by Nate Schmidt and loses puck.
0:15 of 2nd period - Icing by Olli Maatta.
0:16 of 2nd period - J.T. Miller wins face-off versus Evgeny Kuznetsov in ANAHEIM zone.
0:17 of 2nd period - Shot by Alex Ovechkin.
0:17 of 2nd period - Shot Misses the Net.
0:41 of 2nd period - Icing by Justin Braun.
0:42 of 2nd period - J.T. Miller wins face-off versus Connor McDavid in WINNIPEG zone.
1:12 of 2nd period - Icing by Alexander Edler.
1:13 of 2nd period - Evgeny Kuznetsov wins face-off versus J.T. Miller in WINNIPEG zone.
2:42 of 2nd period - Shot by Jesper Fast.
2:42 of 2nd period - Stopped by Connor Hellebuyck without a rebound.
2:43 of 2nd period - Pierre-Luc Dubois wins face-off versus Zack MacEwen in WINNIPEG zone.
2:44 of 2nd period - Shot by Trevor van Riemsdyk.
2:44 of 2nd period - Shot Blocked by Alex Biega.
2:54 of 2nd period - Shot by Zack MacEwen.
2:54 of 2nd period - Stopped by Cam Talbot without a rebound.
2:55 of 2nd period - Connor McDavid wins face-off versus Sidney Crosby in ANAHEIM zone.
2:55 of 2nd period - Connor McDavid is hit by Patric Hornqvist.
3:09 of 2nd period - Shot by Jesper Fast.
3:09 of 2nd period - Stopped by Connor Hellebuyck without a rebound.
3:10 of 2nd period - Jay Beagle wins face-off versus Pierre-Luc Dubois in WINNIPEG zone.
3:20 of 2nd period - Shot by Patrick Kane.
3:20 of 2nd period - Stopped by Cam Talbot with a rebound.
3:29 of 2nd period - Off-side.
3:30 of 2nd period - Connor McDavid wins face-off versus J.T. Miller in neutral zone.
3:35 of 2nd period - J.T. Miller is hit by Tanner Pearson and loses puck.
3:50 of 2nd period - Shot by J.T. Miller.
3:50 of 2nd period - Shot Blocked by Jesper Fast.
4:11 of 2nd period - Icing by Chris Tanev.
4:12 of 2nd period - J.T. Miller wins face-off versus Evgeny Kuznetsov in WINNIPEG zone.
4:12 of 2nd period - J.T. Miller is hit by Alex Chiasson.
5:03 of 2nd period - Icing by Olli Maatta.
5:04 of 2nd period - Evgeny Kuznetsov wins face-off versus Sidney Crosby in ANAHEIM zone.
5:37 of 2nd period - Tanner Pearson is hit by Dan Hamhuis.
7:10 of 2nd period - Shot by Patrick Kane.
7:10 of 2nd period - Stopped by Cam Talbot without a rebound.
7:11 of 2nd period - Patrick Kane wins face-off versus Jansen Harkins in ANAHEIM zone.
7:50 of 2nd period - Jansen Harkins is hit by Jay Beagle and loses puck.
8:17 of 2nd period - Alex Ovechkin is hit by Jesper Fast and loses puck.
9:07 of 2nd period - Shot by Alex Chiasson.
9:07 of 2nd period - Shot Misses the Net.
9:30 of 2nd period - Off-side.
9:31 of 2nd period - Sidney Crosby wins face-off versus Connor McDavid in neutral zone.
9:45 of 2nd period - Icing by Chris Tanev.
9:46 of 2nd period - Sidney Crosby wins face-off versus Evgeny Kuznetsov in WINNIPEG zone.
10:09 of 2nd period - Marcus Pettersson is hit by Olli Maatta and loses puck.
10:18 of 2nd period - Shot by Sidney Crosby.
10:18 of 2nd period - Stopped by Cam Talbot without a rebound.
10:19 of 2nd period - Jay Beagle wins face-off versus Connor McDavid in ANAHEIM zone.
10:43 of 2nd period - Off-side.
10:44 of 2nd period - Sidney Crosby wins face-off versus Pierre-Luc Dubois in neutral zone.
10:49 of 2nd period - Shot by Patric Hornqvist.
10:49 of 2nd period - Shot Misses the Net.
10:55 of 2nd period - Oscar Fantenberg is hit by Lucas Wallmark and loses puck.
11:01 of 2nd period - Icing by Dan Hamhuis.
11:02 of 2nd period - Sidney Crosby wins face-off versus Evgeny Kuznetsov in WINNIPEG zone.
11:02 of 2nd period - Sidney Crosby is hit by Evgeny Kuznetsov.
11:51 of 2nd period - Icing by Justin Braun.
11:52 of 2nd period - Pierre-Luc Dubois wins face-off versus Jay Beagle in WINNIPEG zone.
11:53 of 2nd period - Shot by Lucas Wallmark.
11:53 of 2nd period - Shot Blocked by Alexander Edler.
11:56 of 2nd period - Icing by Justin Braun.
11:57 of 2nd period - Jay Beagle wins face-off versus Pierre-Luc Dubois in WINNIPEG zone.
11:57 of 2nd period - Patrick Kane is hit by Pierre-Luc Dubois and loses puck.
12:16 of 2nd period - Shot by Lucas Wallmark.
12:16 of 2nd period - Shot Misses the Net.
13:05 of 2nd period - Shot by Alex Chiasson.
13:05 of 2nd period - Shot Misses the Net.
13:13 of 2nd period - Shot by Evgeny Kuznetsov.
13:13 of 2nd period - Shot Misses the Net.
17:03 of 2nd period - Shot by Alex Ovechkin.
17:03 of 2nd period - Stopped by Cam Talbot without a rebound.
17:04 of 2nd period - Lucas Wallmark wins face-off versus Alex Ovechkin in ANAHEIM zone.
17:25 of 2nd period - Shot by Alex Chiasson.
17:25 of 2nd period - Shot Misses the Net.
17:55 of 2nd period - Trevor van Riemsdyk is hit by Patric Hornqvist and loses puck.
18:11 of 2nd period - Icing by Michael Frolik.
18:12 of 2nd period - Lucas Wallmark wins face-off versus Jay Beagle in ANAHEIM zone.
18:17 of 2nd period - Jay Beagle is hit by Lucas Wallmark and loses puck.
18:36 of 2nd period - Shot by Patrick Kane.
18:36 of 2nd period - Shot Blocked by Joel Edmundson.
18:48 of 2nd period - Shot by Evgeny Kuznetsov.
18:48 of 2nd period - Goal by Evgeny Kuznetsov - ANAHEIM : 1 - WINNIPEG : 1.
18:49 of 2nd period - J.T. Miller wins face-off versus Tanner Pearson in neutral zone.
19:24 of 2nd period - Shot by Tanner Pearson.
19:24 of 2nd period - Shot Misses the Net.
19:34 of 2nd period - Jesper Fast is hit by Alex Ovechkin and loses puck.
19:56 of 2nd period - Icing by Dan Hamhuis.
19:57 of 2nd period - Sidney Crosby wins face-off versus Pierre-Luc Dubois in WINNIPEG zone.
Goals for this period are 1 for ANAHEIM vs 0 for WINNIPEG.
Shots for this period are 3 for ANAHEIM vs 5 for WINNIPEG.

3rd period


0:01 of 3rd period - Connor McDavid wins face-off versus Antoine Roussel in neutral zone.
1:49 of 3rd period - Shot by Trevor van Riemsdyk.
1:49 of 3rd period - Shot Blocked by Oscar Fantenberg.
1:58 of 3rd period - Icing by Patrick Kane.
1:59 of 3rd period - Pierre-Luc Dubois wins face-off versus Jay Beagle in WINNIPEG zone.
2:03 of 3rd period - Tyler Motte is hit by Oscar Fantenberg and loses puck.
2:45 of 3rd period - Shot by J.T. Miller.
2:45 of 3rd period - Stopped by Cam Talbot with a rebound.
2:53 of 3rd period - Shot by Alex Ovechkin.
2:53 of 3rd period - Goal by Alex Ovechkin - ANAHEIM : 1 - WINNIPEG : 2.
2:54 of 3rd period - Sidney Crosby wins face-off versus Jesper Fast in neutral zone.
3:29 of 3rd period - Shot by Jesper Fast.
3:29 of 3rd period - Shot Misses the Net.
4:21 of 3rd period - Shot by Alex Ovechkin.
4:21 of 3rd period - Stopped by Cam Talbot without a rebound.
4:22 of 3rd period - Evgeny Kuznetsov wins face-off versus Zack MacEwen in ANAHEIM zone.
4:28 of 3rd period - Evgeny Kuznetsov is hit by Alex Biega and loses puck.
4:31 of 3rd period - Shot by Alex Chiasson.
4:31 of 3rd period - Stopped by Connor Hellebuyck without a rebound.
4:32 of 3rd period - Pierre-Luc Dubois wins face-off versus Tyler Toffoli in WINNIPEG zone.
5:29 of 3rd period - Off-side.
5:30 of 3rd period - Michael Frolik wins face-off versus J.T. Miller in neutral zone.
5:53 of 3rd period - Off-side.
5:54 of 3rd period - Sidney Crosby wins face-off versus Jansen Harkins in neutral zone.
6:15 of 3rd period - Shot by Connor McDavid.
6:15 of 3rd period - Shot Misses the Net.
6:36 of 3rd period - Off-side.
6:37 of 3rd period - Pierre-Luc Dubois wins face-off versus J.T. Miller in neutral zone.
6:40 of 3rd period - Shot by Olli Maatta.
6:40 of 3rd period - Shot Misses the Net.
6:53 of 3rd period - Off-side.
6:54 of 3rd period - Pierre-Luc Dubois wins face-off versus Patrick Kane in neutral zone.
7:49 of 3rd period - Shot by Olli Maatta.
7:49 of 3rd period - Deflect By Tanner Pearson.
7:49 of 3rd period - Stopped by Connor Hellebuyck with a rebound.
8:02 of 3rd period - Icing by Patrick Kane.
8:03 of 3rd period - Evgeny Kuznetsov wins face-off versus Jay Beagle in WINNIPEG zone.
8:24 of 3rd period - Shot by Michael Frolik.
8:24 of 3rd period - Stopped by Connor Hellebuyck without a rebound.
8:25 of 3rd period - J.T. Miller wins face-off versus Connor McDavid in WINNIPEG zone.
8:44 of 3rd period - Icing by Caleb Jones.
8:45 of 3rd period - Connor McDavid wins face-off versus Sidney Crosby in ANAHEIM zone.
9:46 of 3rd period - Shot by Alexander Edler.
9:46 of 3rd period - Stopped by Cam Talbot with a rebound.
9:48 of 3rd period - Shot by Alexander Edler.
9:48 of 3rd period - Shot Blocked by Michael Frolik.
9:50 of 3rd period - Shot by Alexander Edler.
9:50 of 3rd period - Shot Misses the Net.
10:02 of 3rd period - Shot by Alex Ovechkin.
10:02 of 3rd period - Shot Misses the Net.
10:04 of 3rd period - Shot by Alexander Edler.
10:04 of 3rd period - Stopped by Cam Talbot without a rebound.
10:05 of 3rd period - Pierre-Luc Dubois wins face-off versus Jay Beagle in ANAHEIM zone.
10:07 of 3rd period - Olli Maatta is hit by Patrick Kane and loses puck.
10:11 of 3rd period - Nate Schmidt is hit by Alex Biega and loses puck.
10:30 of 3rd period - Shot by Tyler Motte.
10:30 of 3rd period - Shot Misses the Net.
10:34 of 3rd period - Shot by Nate Schmidt.
10:34 of 3rd period - Goal by Nate Schmidt - ANAHEIM : 2 - WINNIPEG : 2.
10:35 of 3rd period - Sidney Crosby wins face-off versus Connor McDavid in neutral zone.
10:35 of 3rd period - Double Minor Penalty to Tanner Pearson for High sticking.
10:36 of 3rd period - Sidney Crosby wins face-off versus Connor McDavid in ANAHEIM zone.
10:49 of 3rd period - Shot by J.T. Miller.
10:49 of 3rd period - Shot Blocked by Anton Stralman.
10:51 of 3rd period - Shot by Justin Braun.
10:51 of 3rd period - Stopped by Cam Talbot without a rebound.
10:52 of 3rd period - Connor McDavid wins face-off versus Sidney Crosby in ANAHEIM zone.
11:25 of 3rd period - Shot by Alex Ovechkin.
11:25 of 3rd period - Stopped by Cam Talbot without a rebound.
11:26 of 3rd period - Jay Beagle wins face-off versus Connor McDavid in ANAHEIM zone.
12:01 of 3rd period - Shot by Alexander Edler.
12:01 of 3rd period - Shot Misses the Net.
12:03 of 3rd period - Shot by Patrick Kane.
12:03 of 3rd period - Shot Misses the Net.
12:53 of 3rd period - Shot by J.T. Miller.
12:53 of 3rd period - Stopped by Cam Talbot with a rebound.
13:33 of 3rd period - Shot by Patric Hornqvist.
13:33 of 3rd period - Shot Misses the Net.
13:47 of 3rd period - Shot by Sidney Crosby.
13:47 of 3rd period - Shot Blocked by Joel Edmundson.
13:49 of 3rd period - Shot by Sidney Crosby.
13:49 of 3rd period - Shot Blocked by Anton Stralman.
14:45 of 3rd period - Shot by Loui Eriksson.
14:45 of 3rd period - Shot Blocked by Jake McCabe.
14:47 of 3rd period - Shot by Oscar Fantenberg.
14:47 of 3rd period - Stopped by Cam Talbot without a rebound.
14:48 of 3rd period - Zack MacEwen wins face-off versus Evgeny Kuznetsov in ANAHEIM zone.
15:03 of 3rd period - Shot by Evgeny Kuznetsov.
15:03 of 3rd period - Shot Blocked by Gustav Forsling.
16:21 of 3rd period - Shot by Sidney Crosby.
16:21 of 3rd period - Shot Misses the Net.
16:42 of 3rd period - Off-side.
16:43 of 3rd period - J.T. Miller wins face-off versus Pierre-Luc Dubois in neutral zone.
17:11 of 3rd period - Alex Ovechkin is hit by Jake McCabe and loses puck.
17:14 of 3rd period - Shot by Alex Ovechkin.
17:14 of 3rd period - Shot Misses the Net.
17:23 of 3rd period - Minor Penalty to Trevor van Riemsdyk for Cross-checking.
17:24 of 3rd period - Connor McDavid wins face-off versus Jay Beagle in ANAHEIM zone.
17:51 of 3rd period - Shot by Tyler Toffoli.
17:51 of 3rd period - Goal by Tyler Toffoli - ANAHEIM : 2 - WINNIPEG : 3.
17:52 of 3rd period - Connor McDavid wins face-off versus Sidney Crosby in neutral zone.
17:54 of 3rd period - Nate Schmidt is hit by Oscar Fantenberg and loses puck.
18:08 of 3rd period - Minor Penalty to Nate Schmidt for Slashing.
18:09 of 3rd period - Sidney Crosby wins face-off versus Connor McDavid in ANAHEIM zone.
18:32 of 3rd period - Shot by Chris Tanev.
18:32 of 3rd period - Shot Misses the Net.
18:34 of 3rd period - Shot by Chris Tanev.
18:34 of 3rd period - Shot Misses the Net.
18:36 of 3rd period - Shot by Sidney Crosby.
18:36 of 3rd period - Stopped by Cam Talbot without a rebound.
18:37 of 3rd period - Jay Beagle wins face-off versus Pierre-Luc Dubois in ANAHEIM zone.
19:35 of 3rd period - Shot by Marcus Pettersson.
19:35 of 3rd period - Stopped by Cam Talbot without a rebound.
19:36 of 3rd period - Pierre-Luc Dubois wins face-off versus Sidney Crosby in ANAHEIM zone.
19:36 of 3rd period - Pierre-Luc Dubois is hit by Sidney Crosby.
Goals for this period are 1 for ANAHEIM vs 2 for WINNIPEG.
Shots for this period are 4 for ANAHEIM vs 12 for WINNIPEG.